 Dungeon Crawl Stone Soup version 0.26-a0-850-g97a50ab700 (webtiles) character file.

Game seed: 5972367535767876734

85 miscthings the Ruffian (level 4, -2/37 HPs)
             Began as a Hill Orc Transmuter on Nov 20, 2020.
             Killed from afar by Ijyb (7 damage)
             ... with a puff of flame
             ... on level 3 of the Dungeon.
             The game lasted 00:02:59 (1936 turns).

miscthings the Ruffian (Hill Orc Transmuter)        Turns: 1936, Time: 00:03:00

Health: -2/37      AC: 10    Str: 13    XL:     4   Next: 48%
Magic:  15/15      EV:  6    Int: 13    God:
Gold:   111        SH:  0    Dex: 11    Spells: 5/6 levels left

rFire    . . .     SeeInvis .     - Unarmed
rCold    . . .     Faith    .   (no shield)
rNeg     . . .     Spirit   .   d - +0 chain mail (curse)
rPois    .         Reflect  .   (no helmet)
rElec    .         Harm     .   p - +0 cloak
rCorr    .         Rampage  .   (no gloves)
MR       .....                  k - +0 pair of boots
Stlth    ..........             (no amulet)
HPRegen  0.12/turn              h - ring of magical power
MPRegen  0.14/turn              (no ring)

@: mighty
A: no striking features
a: no special abilities


You were on level 3 of the Dungeon.
You visited 1 branch of the dungeon, and saw 3 of its levels.

You collected 111 gold pieces.

Inventory:

Armour
 d - a cursed +0 chain mail (worn)
 k - a +0 pair of boots (worn)
 p - a +0 cloak (worn)
Jewellery
 h - a ring of magical power (left hand)
Scrolls
 a - 2 scrolls of teleportation {unknown}
 b - a scroll of enchant armour {unknown}
 c - 2 scrolls of noise {unknown}
 f - a scroll of fog {unknown}
 g - 3 scrolls of identify {unknown}
 i - a scroll of magic mapping {unknown}
 j - 2 scrolls of fear {unknown}
 m - 4 scrolls of remove curse {unknown}
 n - a scroll of amnesia {unknown}
Potions
 e - a potion of might
 l - a potion of attraction {unknown}
 o - 2 potions of haste {unknown}
 q - a potion of heal wounds {unknown}
 r - a potion of berserk rage {unknown}
 s - a potion of brilliance {unknown}


   Skills:
 + Level 2.7 Fighting
 - Level 1.5 Dodging
 - Level 3.2 Unarmed Combat
 - Level 1.5 Spellcasting
 - Level 3.0 Transmutations


You had 5 spell levels left.
You knew the following spells:

 Your Spells              Type           Power        Failure   Level
a - Beastly Appendage     Tmut           #.....       96%         1

Your spell library contained the following spells:

 Spells                   Type           Power        Failure   Level
 Wereblood                Tmut           #.......     99%         2
 Spider Form              Tmut/Pois      #.........   100%        3
 Ice Form                 Ice/Tmut       #.......     100%        4
 Blade Hands              Tmut           #.........   100%        5


Dungeon Overview and Level Annotations

Branches:
Dungeon (3/15)

Altars:

Annotations:
D:2 Sigmund
D:3 Ijyb


Message History

You hit Ijyb but do no damage.
Ijyb is heavily wounded.
Ijyb barely misses you.
You closely miss Ijyb.
Ijyb is heavily wounded.
Ijyb hits you with a +0 dagger.
* * * LOW HITPOINT WARNING * * *
You completely miss Ijyb.
Ijyb is heavily wounded.
Ijyb hits you but does no damage.
It was a potion of might.
You feel very mighty all of a sudden. Ijyb hits you but does no damage.
You closely miss Ijyb.
Ijyb is heavily wounded.
Ijyb hits you but does no damage.
You barely miss Ijyb.
Ijyb is heavily wounded.
Ijyb zaps a wand.
The puff of flame hits you!
You die...

#.# #.# ##### #.# #....
##########.###....
#.......##........
#..[....##........
####........#.####...
#..g..........>......
.##@.........####...
##.#.#.....# #### #
#.#.#.#..## # #...#
#.###.#...#..# # #...#
...#.#####..#####.
#...#####.#.....#........
+............##†....####.
#..).####.##.##...<.#
#....#........#.....#


You could see Ijyb.

Vanquished Creatures
  3 adders (D:3)
  A worm (D:3)
  2 leopard geckos (D:1)
  2 orcs (D:3)
  5 bats
  2 giant cockroaches
  7 goblins
  6 hobgoblins
  7 jackals
  A quokka (D:3)
  3 frilled lizards
  3 kobolds
  3 rats
45 creatures vanquished.

Vanquished Creatures (others)
  4 toadstools (D:1)
4 creatures vanquished.

Grand Total: 49 creatures vanquished

Notes
Turn   | Place    | Note
-------+----------+-------------------------------------------
     0 | D:1      | miscthings the Hill Orc Transmuter began the quest for the
                  | Orb.
     0 | D:1      | Reached XP level 1. HP: 16/16 MP: 3/3
   283 | D:1      | Reached XP level 2. HP: 23/23 MP: 4/4
   621 | D:1      | Reached XP level 3. HP: 28/28 MP: 5/5
   837 | D:2      | Noticed Sigmund
  1446 | D:3      | Reached XP level 4. HP: 31/36 MP: 6/6
  1909 | D:3      | Noticed Ijyb
  1936 | D:3      | Killed from afar by Ijyb

Illustrated notes

Levels and vault maps discovered:
D:1:      ldierk_walled_garden_2, layout_loops_ring, st_stairs_4
D:2:      layout_basic, cheibrodos_gnoll_hut, uniq_sigmund
D:3:      wander_river, layout_basic, uniq_ijyb

Skill      XL: |  1  2  3 |
---------------+----------+-----
Transmutations | 2 3 |  3.0
Fighting       | 2 |  2.7
Dodging        | |  1.5
Unarmed Combat | |  3.2
Spellcasting   | |  1.5

Action                   |  1- 3 |  4- 6 || total
-------------------------+-------+-------++-------
Melee: Unarmed           |   177 |    69 ||   246
       Headbutt          |     2 |       ||     2
       Punch             |     3 |     1 ||     4
 Cast: Beastly Appendage |     1 |       ||     1
  Use: Potion            |       |     1 ||     1
Armor: Chain mail        |   122 |    39 ||   161
       Robe              |     1 |       ||     1
Dodge: Dodged            |    74 |    23 ||    97

Table legend: (Time is in decaauts)
 A = Elapsed time spent in this place.
 B = Non-inter-level travel time spent in this place.
 C = Inter-level travel time spent in this place.
 D = Time resting spent in this place.
 E = Time spent auto-exploring this place.
 F = Levels seen in this place.
 G = Mean time per level.
                   A        B        C        D        E       F      G
               +--------+--------+--------+--------+--------+-----+--------+
         Total |   1923 |   1864 |     59 |    473 |    888 |   3 |  641.0 |
       Dungeon |   1923 |   1864 |     59 |    473 |    888 |   3 |  641.0 |
               +--------+--------+--------+--------+--------+-----+--------+

Top non-repeatable levels by time:
     D:1: 859 daAuts
     D:3: 635 daAuts
     D:2: 428 daAuts
